[Event "*** Titled Tuesday Blitz"]
[Site "Chess.com"]
[Date "2020.12.01"]
[Round "5"]
[White "r31415"]
[Black "Shubinkirill2003"]
[Result "0-1"]
[WhiteElo "2475"]
[BlackElo "2709"]
[TimeControl "180+1"]
[EndTime "10:54:17 PST"]
[Termination "Shubinkirill2003 won on time"]

1. e4 e6 2. d4 d5 3. Nc3 Bb4 4.
exd5 exd5 5. Bd3 c6 6. Qf3 Qf6 7. Be3 Qxf3 8. Nxf3 Ne7 9. O-O Bf5 10. Ne5 f6 11. Bxf5 Nxf5 12. Nd3 Bd6 13. Rfe1 Kf7 14. Ne2 h5 15. Bf4 Bxf4 16. Ndxf4 h4 17. c3 g5 18. Nd3 Nd7 19. Nec1 Rae8 20. Nb3 b6 21. h3 Nd6 22. Nd2 f5 23. f3 f4 24.
Rxe8 Rxe8 25. Re1 Rxe1+ 26. Nxe1 c5 27. Nb3 Kf6 28. Kf2 a5 29. a4 c4 30. Nd2 b5 31.
axb5 Nxb5 32. Nc2 Nb6 33. Na1 Ke6 34. Ke1 Na4 35. b3 cxb3 36. Naxb3 Naxc3 37. Nxa5 Nxd4 38. Nb7 Nc2+ 39. Kf2 Ne3 40. Nc5+ Ke5 41. Nd3+ Kd4 42. Nb4 Ncd1+ 43. Ke2 Nb2 44. Nc6+ Kc3 45. Ne7 d4 46. Ne4+ Kc2 47. Nxg5 d3+ 0-1

[Event "*** Titled Tuesday Blitz"]
[Site "Chess.com"]
[Date "2020.12.01"]
[Round "5"]
[White "ChessQueen"]
[Black "KetiGrant"]
[Result "1-0"]
[WhiteElo "2708"]
[BlackElo "2359"]
[TimeControl "180+1"]
[EndTime "10:54:17 PST"]
[Termination "ChessQueen won on time"]

1. e4 c5 2. c3 d5 3. exd5 Qxd5 4. d4 Nf6 5. Nf3 e6 6. Be2 Be7 7. O-O O-O 8. c4 Qd8 9. dxc5 Bxc5 10. Qc2 Nbd7 11.
Nc3 a6 12. Bg5 h6 13. Bh4 Be7 14. Rfd1 Qc7 15. Bg3 Qa5 16. a3 Nh5 17. b4 Qf5 18. Bd3 Qf6 19. Ne4 Qg6 20. Nd6 Qf6 21. Nxc8 Raxc8 22.
Rac1 Nxg3 23. hxg3 Ne5 24. Nxe5 Qxe5 25. c5 Rfd8 26.
Bh7+ Kf8 27. Be4 Rxd1+ 28. Rxd1 Rc7 29. Qd3 f5 30. Bf3 Kf7 31. c6 bxc6 32. Qxa6 c5 33. b5 c4 34. b6 Rc5 35. b7 c3 36. Qe2 Qc7 37. Re1 e5 38. Qa2+ Kf6 39. Bd5 c2 40. Rc1 1-0

[Event "*** Titled Tuesday Blitz"]
[Site "Chess.com"]
[Date "2020.12.01"]
[Round "5"]
[White "Shield12"]
[Black "bascheyaro"]
[Result "1-0"]
[WhiteElo "2933"]
[BlackElo "2740"]
[TimeControl "180+1"]
[EndTime "10:54:18 PST"]
[Termination "Shield12 won by resignation"]

1. e4 e6 2. d4 d5 3. Nd2 c5 4. Ngf3 Nc6 5. exd5 exd5 6. Bb5 c4 7. O-O Bd6 8. b3 cxb3 9. axb3 Ne7 10. Re1 O-O 11. Bf1 Bf5 12. c3 a6 13. g3 Rc8 14. Bg2 Re8 15. Nf1 Be4 16. Bb2 Ng6 17. N1d2 Bf5 18. Rxe8+ Qxe8 19. Qf1 Qd7 20. h4 h6 21. Re1 Re8 22.
h5 Rxe1 23. Qxe1 Nge7 24. Nh2 Qe6 25. Qxe6 fxe6 26. Nhf1 Kf7 27. Ne3 Bd3 28. c4 dxc4 29. bxc4 Bb4 30. Ne4 Nf5 31. d5 Nce7 32. dxe6+ Kxe6 33.
Nxf5 Nxf5 34. Nc3 Bxc4 35. Bxb7 a5 36. Bc8+ Ke5 37. f4+ Kd4 38. Na2+ Ke3 39. Nxb4 axb4 40. Bxf5 Kf3 41. Kh2 Bf7 42. Bg6 Bxg6 43. hxg6 Kg4 44.
Bxg7 Kf5 45. Bxh6 b3 46. Bg7 Kxg6 47. Bb2 1-0

[Event "*** Titled Tuesday Blitz"]
[Site "Chess.com"]
[Date "2020.12.01"]
[Round "5"]
[White "nubair1198"]
[Black "asms9699"]
[Result "1-0"]
[WhiteElo "2816"]
[BlackElo "2594"]
[TimeControl "180+1"]
[EndTime "10:54:18 PST"]
[Termination "nubair1198 won on time"]

1. Nf3 d5 2. b3 Nf6 3. Bb2 g6 4. c4 c6 5. g3 Bg7 6. Bg2 O-O 7. O-O Bg4 8. Ne5 Bf5 9. d4 Nbd7 10. Nd2 Rc8 11.
Rc1 Ne4 12. Nxe4 Bxe4 13. f3 Bf5 14. e4 Be6 15. Nd3 Qb6 16. Nf4 dxe4 17. c5 Qa5 18. Nxe6 fxe6 19. Bc3 Qc7 20. fxe4 e5 21. Rxf8+ Rxf8 22. b4 exd4 23. Bxd4 Bxd4+ 24. Qxd4 Ne5 25. a4 Rd8 26.
Qa1 Nd3 27. Rd1 Nxb4 28. Bh3 Rxd1+ 29. Qxd1 Qe5 30. Qb3+ Nd5 31. exd5 cxd5 32. Kf2 Kg7 33. Qe3 Qb2+ 34. Kg1 e5 35. Bf1 e4 36. c6 1-0

[Event "*** Titled Tuesday Blitz"]
[Site "Chess.com"]
[Date "2020.12.01"]
[Round "5"]
[White "ambaixador"]
[Black "ChristopherYoo"]
[Result "0-1"]
[WhiteElo "2435"]
[BlackElo "2845"]
[TimeControl "180+1"]
[EndTime "10:54:18 PST"]
[Termination "ChristopherYoo won by resignation"]

1. Nf3 Nf6 2. c4 e6 3. g3 d5 4. Bg2 Be7 5. d4 O-O 6. Nbd2 b6 7. O-O Bb7 8. Ne5 Nbd7 9. b3 c5 10. Bb2 cxd4 11. Bxd4 Nxe5 12. Bxe5 Nd7 13. Bb2 Bf6 14. Qb1 Bxb2 15. Qxb2 Nf6 16. Rfd1 Qe7 17. Rac1 Rfd8 18. cxd5 Nxd5 19. Ne4 Rd7 20. Nc3 Nxc3 21. Qxc3 Bxg2 22. Kxg2 Rxd1 23. Rxd1 h6 24. Qc6 Rd8 25. Rxd8+ Qxd8 26. Qb7 a5 27. Qc6 h5 28. h4 g6 29. e4 e5 30.
a4 Kf8 31. Qb5 Qd6 32. Kf3 Ke7 33. Ke2 Qd4 34. f3 Qb2+ 35. Ke3 Qc3+ 36. Qd3 Qe1+ 37. Qe2 Qxg3 38. Kd3 Qxh4 39. Kc4 Qf6 40. Kb5 Qd6 41. Ka6 h4 42. Qh2 g5 43. Qh3 Qe6 44. Qg2 f6 45. Qf1 h3 46. Qh1 Kf7 47. Qh2 Kg6 48. Qg3 Kh5 49.
Qh2 g4 50. fxg4+ Qxg4 51. Kxb6 Qg2 0-1

[Event "*** Titled Tuesday Blitz"]
[Site "Chess.com"]
[Date "2020.12.01"]
[Round "5"]
[White "ural58"]
[Black "Blitzking642"]
[Result "1-0"]
[WhiteElo "2438"]
[BlackElo "2251"]
[TimeControl "180+1"]
[EndTime "10:54:19 PST"]
[Termination "ural58 won by resignation"]

1. e4 c5 2. b3 e5 3. Bb2 d6 4.
f4 exf4 5. Qf3 Nc6 6. Qxf4 Nd4 7.
Bxd4 cxd4 8. Nf3 g6 9. Nxd4 Bg7 10. Bc4 Qf6 11. Qxf6 Nxf6 12. Nc3 Nxe4 13. Nxe4 Bxd4 14. c3 Be5 15. d4 f5 16. dxe5 fxe4 17. exd6 Bd7 18.
Bd5 Bc6 19. Bxc6+ bxc6 20. O-O-O Kd7 21. Rhe1 Rhe8 22. Rd4 Re6 23. Rexe4 Rxe4 24. Rxe4 Kxd6 25. Kd2 Rf8 26. Ke2 Rf5 27. h3 Rf7 28. Ra4 Kd5 29. Ra5+ Kd6 30. c4 h6 31. Ke3 Re7+ 32. Kd4 g5 33. b4 Re2 34. c5+ Ke6 35. g4 Rh2 36. Rxa7 Rxh3 37. Rc7 Rh4 38. Rxc6+ Kd7 39. Rd6+ Kc7 40.
Kd5 Rxg4 41. b5 Rg2 42. b6+ Kb7 43. Rxh6 Rxa2 44. Rh7+ Kb8 45. Kc6 1-0

[Event "*** Titled Tuesday Blitz"]
[Site "Chess.com"]
[Date "2020.12.01"]
[Round "5"]
[White "Blitzstream"]
[Black "Mr_Sinigami"]
[Result "1-0"]
[WhiteElo "2765"]
[BlackElo "2560"]
[TimeControl "180+1"]
[EndTime "10:54:20 PST"]
[Termination "Blitzstream won by checkmate"]

1. d4 Nf6 2. Bg5 c5 3. Bxf6 gxf6 4. d5 Qb6 5. Qc1 f5 6. c4 Bg7 7. Nc3 d6 8. e3 O-O 9. Bd3 e6 10. dxe6 fxe6 11. Nf3 Nc6 12. O-O Bd7 13. Rd1 Rad8 14. Rb1 Bc8 15. e4 fxe4 16. Nxe4 h6 17. Ng3 Rxf3 18.
gxf3 Nd4 19. Qe3 Rf8 20. Be4 Qd8 21. f4 Qh4 22. Kh1 Rxf4 23. Rg1 Kh8 24. Rg2 e5 25. f3 Bh3 26. Rf2 h5 27. Rg1 Bh6 28. Qa3 Rf8 29. Qxa7 Be3 30. Qxb7 Bxf2 31. Qh7# 1-0

[Event "*** Titled Tuesday Blitz"]
[Site "Chess.com"]
[Date "2020.12.01"]
[Round "5"]
[White "chessmadara"]
[Black "Joel1285"]
[Result "1-0"]
[WhiteElo "2188"]
[BlackElo "1824"]
[TimeControl "180+1"]
[EndTime "10:54:21 PST"]
[Termination "chessmadara won on time"]

1. e4 c5 2. Nf3 Nc6 3. d4 cxd4 4. Nxd4 Nf6 5. Nc3 e5 6. Ndb5 d6 7. Nd5 Nxd5 8. exd5 Nb8 9. a4 Be7 10. Be2 O-O 11. O-O a6 12. Na3 Bg5 13. c4 a5 14.
Nb5 Bxc1 15. Rxc1 Na6 16. Qd2 b6 17. Rfd1 Qe7 18. Qe3 Nc5 19. b3 Bd7 20. Qg3 Bxb5 21. cxb5 f5 22. Bc4 Rf6 23. Re1 Raf8 24. Rcd1 Rg6 25.
Qc3 Qg5 26. g3 Rff6 27. Rxe5 dxe5 28. Qxe5 h5 29. d6+ Kh7 30. d7 1-0

[Event "*** Titled Tuesday Blitz"]
[Site "Chess.com"]
[Date "2020.12.01"]
[Round "5"]
[White "Vojtap"]
[Black "MillyNeuf"]
[Result "0-1"]
[WhiteElo "2118"]
[BlackElo "2328"]
[TimeControl "180+1"]
[EndTime "10:54:22 PST"]
[Termination "MillyNeuf won on time"]

1. e4 c5 2. Nf3 d6 3. d4 cxd4 4. Nxd4 Nf6 5. Nc3 g6 6. Be3 Bg7 7. f3 O-O 8. Qd2 Nc6 9. O-O-O d5 10. Qe1 e5 11. exd5 Nxd4 12. Bxd4 exd4 13. Rxd4 Re8 14.
Ne4 Nxe4 15. Rxe4 Rxe4 16. Qxe4 Bf5 17. Qb4 Rc8 18. Bc4 a5 19. Qb5 Qg5+ 20. Kb1 Qd2 21. Bd3 Bxd3 22. Qxd3 Qxd3 23. cxd3 Bd4 24. Re1 Kf8 25.
Re4 Bg7 26. Rc4 Rxc4 27. dxc4 Ke7 28. Kc2 Kd6 29. b3 Kc5 30. Kd3 f5 31. g4 Be5 32. h4 h5 33. gxh5 gxh5 34. Ke3 a4 35. Kd3 axb3 36. axb3 b5 37. cxb5 Kxd5 38. b4 Bb8 0-1

[Event "*** Titled Tuesday Blitz"]
[Site "Chess.com"]
[Date "2020.12.01"]
[Round "5"]
[White "ChessteacherPalmS"]
[Black "Twannibal"]
[Result "0-1"]
[WhiteElo "2317"]
[BlackElo "2500"]
[TimeControl "180+1"]
[EndTime "10:54:24 PST"]
[Termination "Twannibal won by resignation"]

1. d4 Nf6 2. c4 e6 3. Nf3 d5 4. Nc3 Be7 5. Bg5 h6 6. Bxf6 Bxf6 7. e3 O-O 8. Rc1 dxc4 9. Bxc4 c5 10. dxc5 Qa5 11.
O-O Qxc5 12. Ne4 Qe7 13. Nxf6+ Qxf6 14. Qd4 Nc6 15. Qxf6 gxf6 16. Rfd1 Rd8 17. Rxd8+ Nxd8 18. Rd1 Nc6 19. Bb5 Kf8 20. Bxc6 bxc6 21. Rd8+ Ke7 22. Rh8 Bb7 23. Rxh6 Rd8 24. h4 Rd1+ 25. Kh2 Rb1 26.
Rh5 Rxb2 27. Ra5 Rxf2 28. Rxa7 Rb2 29. h5 Kf8 30. a4 c5 31. Kg3 Kg7 32. a5 Bd5 33.
Rc7 c4 34. a6 Ra2 35. a7 c3 36. Rxc3 Rxa7 37. Rc5 Kh6 38. Kh4 Ra4+ 39. Kh3 Kxh5 40. Nd4 Kg6 41. Nb5 Ra2 42. g3 Bg2+ 43. Kg4 Ra4+ 44.
Nd4 e5 45. Rc2 Be4 46. Rc4 Rxc4 0-1

[Event "*** Titled Tuesday Blitz"]
[Site "Chess.com"]
[Date "2020.12.01"]
[Round "5"]
[White "sorito"]
[Black "sopo-tereladze"]
[Result "0-1"]
[WhiteElo "2460"]
[BlackElo "2309"]
[TimeControl "180+1"]
[EndTime "10:54:25 PST"]
[Termination "sopo-tereladze won by resignation"]

1. d4 Nf6 2. Nf3 e6 3. g3 d5 4. Bg2 Be7 5. O-O O-O 6. b3 b6 7. Bb2 Bb7 8. Nbd2 c5 9. c4 dxc4 10. Nxc4 cxd4 11. Qxd4 Nc6 12. Qf4 Nd5 13. Qd2 Bf6 14. Rad1 Bxb2 15. Qxb2 Qe7 16. e4 Nf6 17. e5 Nd5 18. Nd6 Rfd8 19. Nxb7 Qxb7 20. Ng5 Qe7 21. h4 h6 22. Ne4 Rd7 23. Rfe1 Rad8 24. Nd6 Nxe5 25.
Nf5 exf5 26. Rxe5 Qf6 27. Rdxd5 Rxd5 28. Bxd5 Rxd5 29. Re8+ Kh7 30. Qxf6 gxf6 31. Re7 Ra5 32. a4 Kg6 33. Rb7 f4 34. g4 f5 35. gxf5+ Kxf5 36. Rxf7+ Kg4 37. Rg7+ Kxh4 38. Kg2 Rg5+ 0-1

[Event "*** Titled Tuesday Blitz"]
[Site "Chess.com"]
[Date "2020.12.01"]
[Round "5"]
[White "TheCairnTerrier"]
[Black "KetiTsatsalashvili"]
[Result "0-1"]
[WhiteElo "2154"]
[BlackElo "2334"]
[TimeControl "180+1"]
[EndTime "10:54:26 PST"]
[Termination "KetiTsatsalashvili won on time"]

1. e4 c5 2. Nf3 d6 3. Bb5+ Nd7 4. O-O Nf6 5. Re1 e6 6. c3 Be7 7.
d4 O-O 8. d5 e5 9. a4 a6 10. Bf1 b6 11. g3 h6 12. Bg2 Bb7 13.
Nbd2 b5 14. axb5 axb5 15. Rxa8 Bxa8 16. Qb3 Qa5 17. Nb1 c4 18. Qc2 Nc5 19. Nh4 Rb8 20. Na3 Qa4 21. Nf5 Bf8 22. Qe2 Nd3 23. Rd1 Bb7 24. h4 Bc8 25. g4 Bxf5 26. gxf5 h5 27.
Be3 Qb3 28. Rd2 Ra8 29. Bg5 Ng4 30. Bh3 Ngxf2 31. Qxh5 Nxh3+ 32. Kh2 Nhf4 33. Bxf4 Nxf4 34.
Qg4 b4 35. h5 bxc3 36. Rg2 Qxb2 37. Rxb2 cxb2 0-1

[Event "*** Titled Tuesday Blitz"]
[Site "Chess.com"]
[Date "2020.12.01"]
[Round "5"]
[White "wonderfultime"]
[Black "Vanina1989"]
[Result "0-1"]
[WhiteElo "2923"]
[BlackElo "2652"]
[TimeControl "180+1"]
[EndTime "10:54:27 PST"]
[Termination "Vanina1989 won by resignation"]

1. d4 Nf6 2. Nf3 e6 3. c4 Bb4+ 4. Nbd2 a5 5. e3 O-O 6. Bd3 d5 7. O-O c5 8. Qe2 cxd4 9. exd4 Nc6 10. a3 Bxd2 11. Bxd2 dxc4 12. Bxc4 Nxd4 13. Nxd4 Qxd4 14. Be3 Qe5 15. Rfd1 Bd7 16. Rd4 Bc6 17. Rad1 h6 18.
h3 Nd5 19. Bxd5 Bxd5 20. Rg4 f5 21. f4 Qe4 22. Rg3 e5 23. Qf2 Rac8 24. Kh2 Rc2 25. Rd2 Rfc8 26. fxe5 Rxd2 27. Bxd2 Rc2 28. e6 Qxe6 29. Qf4 g5 30. Bc3 Kf7 31. Qc7+ Qe7 32.
Qc8 Be4 33. Qc4+ Kg6 34. Qg8+ Kh5 35. Bg7 Qd6 36. Qh8 Rxg2+ 0-1

[Event "*** Titled Tuesday Blitz"]
[Site "Chess.com"]
[Date "2020.12.01"]
[Round "5"]
[White "Anna_ChessMate"]
[Black "mapleaff"]
[Result "1-0"]
[WhiteElo "2566"]
[BlackElo "2391"]
[TimeControl "180+1"]
[EndTime "10:54:28 PST"]
[Termination "Anna_ChessMate won by checkmate"]

1. d4 Nf6 2. c4 g6 3. g3 Bg7 4.
Bg2 O-O 5. Nc3 c6 6. e4 d6 7. Nf3 Qa5 8. O-O Qh5 9. Ng5 Qxd1 10. Rxd1 h6 11. Nf3 Na6 12. a3 Nc7 13. h3 a5 14. b3 Nd7 15. Be3 Rb8 16. Rac1 b5 17. d5 cxd5 18. cxd5 Na6 19. Ne2 Nac5 20. Nfd4 Ba6 21.
b4 axb4 22. axb4 Na4 23. Nc6 Rbe8 24. Bd4 Ndb6 25. Bxg7 Kxg7 26. Ned4 Nc4 27. Bf1 Nab2 28. Re1 e5 29. dxe6 fxe6 30. Ra1 Bc8 31. Nxb5 d5 32.
exd5 exd5 33. Nc7 Rxe1 34. Rxe1 Nd2 35. Re7+ Kf6 36. Nxd5+ Kg5 37. h4+ Kh5 38. Be2+ Bg4 39. Bxg4+ Kxg4 40. Ne5+ Kf5 41. f3 Rc8 42. g4# 1-0

[Event "*** Titled Tuesday Blitz"]
[Site "Chess.com"]
[Date "2020.12.01"]
[Round "5"]
[White "Fortitudine"]
[Black "ehrenfeld"]
[Result "1-0"]
[WhiteElo "2362"]
[BlackElo "2499"]
[TimeControl "180+1"]
[EndTime "10:54:28 PST"]
[Termination "Fortitudine won on time"]

1. c4 e5 2. g3 Nc6 3. Bg2 Bc5 4. Nc3 d6 5. Nf3 Nf6 6. O-O O-O 7. d3 a6 8. Bg5 h6 9. Bh4 Nd4 10. Nxd4 Bxd4 11. Bxf6 Qxf6 12. e3 Ba7 13. Qf3 Qd8 14.
b4 c6 15. a4 Bd7 16. b5 Qe7 17. Rab1 axb5 18. axb5 Qd8 19. Rfd1 Bc5 20. d4 exd4 21. exd4 Ba7 22. Ne4 Bc8 23. c5 d5 24. Nd6 Bb8 25.
Nxc8 Qxc8 26. bxc6 bxc6 27. Rb6 Re8 28. h4 Ra7 29.
Kh2 Rae7 30. Bh3 Qc7 31. Rdb1 Re4 32. Qd3 Rxh4 33. Rb7 Qc8 34. Rxb8 1-0

[Event "*** Titled Tuesday Blitz"]
[Site "Chess.com"]
[Date "2020.12.01"]
[Round "5"]
[White "Panterov"]
[Black "PriSachu"]
[Result "0-1"]
[WhiteElo "2280"]
[BlackElo "2524"]
[TimeControl "180+1"]
[EndTime "10:54:28 PST"]
[Termination "PriSachu won by resignation"]

1. e4 e5 2. Nf3 Nc6 3. d4 exd4 4.
Nxd4 Qf6 5. Be3 Bc5 6. c3 Nge7 7. Bc4 b6 8. O-O Bb7 9. Re1 O-O-O 10. b4 Bxd4 11.
Bxd4 Nxd4 12. cxd4 d5 13. e5 Qg5 14. Bd3 Ng6 15. Qf3 Nf4 16. Bf1 Ne6 17. Rd1 f6 18.
exf6 Rhf8 19. f7 Rd7 20. Qg3 Qh5 21. Nc3 Rdxf7 22. f3 Rf4 23. Ne2 R4f6 24. Rac1 Rg6 25. Qf2 Rxf3 26. Ng3 Rgxg3 27. hxg3 Rxf2 28. Kxf2 Qg4 29. Be2 Qf5+ 30. Bf3 Ng5 31. Re1 Ne4+ 32. Kg1 Qg5 33.
g4 Qf6 34. Rcd1 Qf4 35. Rd3 Qg3 36. Rde3 Qf4 37. a4 Qf6 38. Rd3 a5 39. bxa5 bxa5 40.
Rc1 Kd7 41. Rb3 Qxd4+ 42. Kh2 Bc6 43. Rd1 Qe5+ 44. Kg1 Nc5 45. Rb2 Qxb2 0-1

[Event "*** Titled Tuesday Blitz"]
[Site "Chess.com"]
[Date "2020.12.01"]
[Round "5"]
[White "suyu28"]
[Black "GM4life"]
[Result "1-0"]
[WhiteElo "2657"]
[BlackElo "2350"]
[TimeControl "180+1"]
[EndTime "10:54:29 PST"]
[Termination "suyu28 won by resignation"]

1. d4 Nf6 2. Nf3 d5 3. c4 e6 4. Nc3 c6 5. e3 Nbd7 6. Be2 dxc4 7. a4 Bd6 8. O-O O-O 9. Bxc4 e5 10. a5 e4 11. Ng5 Qe7 12. Qc2 Bxh2+ 13. Kxh2 Ng4+ 14. Kg1 Qxg5 15. Qxe4 Ndf6 16. Qf3 Qh5 17. Qg3 Re8 18. Re1 Be6 19. Bf1 Rad8 20. f3 Nh6 21. Qf2 c5 22. dxc5 Qxc5 23. e4 Qh5 24. Qxa7 Nhg4 25. fxg4 Nxg4 26.
Bf4 Rd2 27. Be2 Rxb2 28. Rab1 Qh4 29. Bxg4 Qe7 30. Rxb2 Bxg4 31. Qf2 h6 32. Nd5 Qe6 33. Nc7 Qf6 34. Nxe8 Qc3 35. Nd6 1-0

[Event "*** Titled Tuesday Blitz"]
[Site "Chess.com"]
[Date "2020.12.01"]
[Round "5"]
[White "Markov_Mikhail"]
[Black "Sam_ChessMood"]
[Result "1-0"]
[WhiteElo "2722"]
[BlackElo "2821"]
[TimeControl "180+1"]
[EndTime "10:54:30 PST"]
[Termination "Markov_Mikhail won by resignation"]

1. c4 e6 2. Nf3 d5 3. g3 Nf6 4. Bg2 Be7 5. O-O O-O 6. d4 dxc4 7. Nbd2 b5 8. a4 c6 9. Qc2 Bb7 10. b3 cxb3 11. Nxb3 Nbd7 12. Rd1 a6 13. e4 Rc8 14. Nc5 Ba8 15. Bf4 a5 16. Ne5 b4 17. Nc4 h6 18. Nb3 g5 19. Bd6 Bxd6 20. Nxd6 Rc7 21. Nxa5 c5 22. d5 exd5 23. exd5 Nb6 24. Nf5 Nfxd5 25.
Nxh6+ Kh8 26. Nc4 Qf6 27. Nxb6 Nxb6 28. Ng4 Qg6 29. Qe2 Bxg2 30. Qe5+ Kg8 31. Nf6+ Kg7 32. Nd7+ Kg8 33. Nxf8 Qc6 34. Rd8 1-0

[Event "*** Titled Tuesday Blitz"]
[Site "Chess.com"]
[Date "2020.12.01"]
[Round "5"]
[White "CalinGheorghiu"]
[Black "Soltan49"]
[Result "1-0"]
[WhiteElo "2385"]
[BlackElo "2214"]
[TimeControl "180+1"]
[EndTime "10:54:32 PST"]
[Termination "CalinGheorghiu won by resignation"]

1. e4 c6 2. Nc3 d5 3. Nf3 dxe4 4.
Nxe4 Nf6 5. Qe2 Bf5 6. Nxf6+ gxf6 7. d3 Nd7 8. g3 e5 9. Bg2 Qc7 10. O-O O-O-O 11. a4 Bc5 12. a5 h5 13. a6 b6 14.
Nd2 h4 15. Nc4 hxg3 16. hxg3 Bh3 17. Be3 Bxe3 18. Qxe3 Nc5 19. b4 Ne6 20. Nxb6+ axb6 21. a7 Kb7 22. Bxh3 Rxh3 23. Kg2 Nf4+ 24. Kf3 Qd7 25.
a8=Q+ Rxa8 26. Rxa8 Kxa8 27. Qxb6 Qd5+ 28. Kg4 Qe6+ 29. Kf3 Qd5+ 30. Ke3 Rxg3+ 31. fxg3 Ng2+ 32. Kd2 Qa2 33. Qxc6+ Kb8 34. Qxg2 1-0

[Event "*** Titled Tuesday Blitz"]
[Site "Chess.com"]
[Date "2020.12.01"]
[Round "5"]
[White "Arkady_Gitelson"]
[Black "Alexsur1981"]
[Result "0-1"]
[WhiteElo "2597"]
[BlackElo "2826"]
[TimeControl "180+1"]
[EndTime "10:54:34 PST"]
[Termination "Alexsur1981 won on time"]

1. e4 c5 2. b3 b6 3. Bb2 Bb7 4. Nc3 Nc6 5. f4 Nd4 6. Nf3 e6 7. Bd3 Ne7 8. Nxd4 cxd4 9. Nb5 Nc6 10. Nxd4 Nb4 11. Qf3 Rc8 12. c3 Nxd3+ 13. Qxd3 Qh4+ 14.
g3 Qg4 15. Nf3 Rc7 16. O-O-O Be7 17. Ne5 Qh3 18. Nc4 d5 19. Ne5 O-O 20. exd5 Bxd5 21. Rhg1 Qxh2 22. c4 b5 23. Kb1 bxc4 24. bxc4 Bb7 25.
Nf3 Qf2 26. Rdf1 Qb6 27. Ka1 Rd8 28. Qc2 Bxf3 29. f5 Be2 30. fxe6 Bxf1 31. exf7+ Kf8 32. Rxf1 Rb8 33. Bc3 Bf6 34. Rxf6 gxf6 35. Qxh7 Qg1+ 0-1

[Event "*** Titled Tuesday Blitz"]
[Site "Chess.com"]
[Date "2020.12.01"]
[Round "5"]
[White "MPGM"]
[Black "BogdanDeac"]
[Result "1-0"]
[WhiteElo "2653"]
[BlackElo "2954"]
[TimeControl "180+1"]
[EndTime "10:54:35 PST"]
[Termination "MPGM won on time"]

1. d4 Nf6 2. c4 e6 3. Nc3 Bb4 4. f3 d5 5. a3 Be7 6. e4 dxe4 7. fxe4 c5 8. d5 exd5 9. exd5 O-O 10. Be2 Re8 11. Nf3 Bg4 12. O-O Nbd7 13. Nh4 Bxe2 14. Qxe2 Nxd5 15. Nxd5 Bxh4 16. Qg4 Ne5 17. Qf4 h6 18. b3 Bg5 19. Qg3 Rc8 20. Bb2 Ng6 21. Rad1 Re6 22. Nf6+ gxf6 23. Rxd8+ Rxd8 24. Kh1 Kg7 25. Qf3 b6 26. Bc1 Ne5 27. Qg3 Rd3 28. Qf2 Ng4 29.
Qg1 Bxc1 30. Rxc1 Re2 31. h3 Nf2+ 32. Kh2 1-0

[Event "*** Titled Tuesday Blitz"]
[Site "Chess.com"]
[Date "2020.12.01"]
[Round "5"]
[White "elohunter1999"]
[Black "JustWatch000"]
[Result "0-1"]
[WhiteElo "2577"]
[BlackElo "2448"]
[TimeControl "180+1"]
[EndTime "10:54:35 PST"]
[Termination "JustWatch000 won by checkmate"]

1. e4 c5 2. Nf3 e6 3. d4 cxd4 4. Nxd4 Nf6 5. Nc3 Nc6 6. Nxc6 bxc6 7. e5 Nd5 8. Ne4 Qc7 9. f4 Rb8 10. c4 Bb4+ 11. Ke2 O-O 12. cxd5 cxd5 13. Ng5 f6 14. exf6 Rxf6 15. g3 h6 16. Nf3 Bc5 17. Be3 Rxb2+ 18. Nd2 Ba6+ 19. Kf3 Bxe3 20. Bxa6 Rxd2 21. Qc1 Qb6 22.
Qc8+ Rf8 23. Qb7 Qd4 24. Qc7 Rf2+ 25. Kg4 Rf5 26. Qxd7 Qe4 27. Bf1 Qf3+ 28. Kh3 Rh5# 0-1

[Event "*** Titled Tuesday Blitz"]
[Site "Chess.com"]
[Date "2020.12.01"]
[Round "5"]
[White "Aleksandar-Topalov"]
[Black "Mr_Heisenberg13"]
[Result "1-0"]
[WhiteElo "2427"]
[BlackElo "2603"]
[TimeControl "180+1"]
[EndTime "10:54:35 PST"]
[Termination "Aleksandar-Topalov won by resignation"]

1. b3 e5 2. Bb2 Nc6 3. c4 Nf6 4. e3 Bc5 5. Nf3 d6 6. Be2 O-O 7. O-O Bg4 8. h3 Bh5 9. d3 Re8 10. Nbd2 a5 11. a3 Ba7 12. Qc2 Bg6 13. Ne4 Nxe4 14. dxe4 Nb8 15. Rfd1 Nd7 16. b4 axb4 17. axb4 Qe7 18. Bc3 Bb6 19. Bd3 h6 20. Qb2 Nf6 21.
Qc2 Bh5 22. Be2 Bg6 23. Bd3 Nh7 24. Rxa8 Rxa8 25. Ra1 Rf8 26. Qb2 Ng5 27. Nxg5 Qxg5 28. Qc2 Bh5 29. Kh2 Bg6 30. Rf1 f5 31. f4 exf4 32.
exf4 Qh5 33. e5 dxe5 34. Bxe5 c6 35. c5 Bd8 36. Bc4+ Kh7 37. Be2 Qh4 38. Bf3 Re8 39. Rd1 Bf6 40. g3 Bxe5 41. gxh4 Bxf4+ 42. Kg2 Re7 43. h5 Be8 44. Qxf5+ 1-0

[Event "*** Titled Tuesday Blitz"]
[Site "Chess.com"]
[Date "2020.12.01"]
[Round "5"]
[White "mortngabriel"]
[Black "Ariadna_Atreides"]
[Result "1-0"]
[WhiteElo "2276"]
[BlackElo "2064"]
[TimeControl "180+1"]
[EndTime "10:54:35 PST"]
[Termination "mortngabriel won by resignation"]

1. e4 c6 2. Nf3 d5 3. d3 Bg4 4. Nbd2 e6 5. Be2 Nf6 6. O-O Be7 7. c3 Qc7 8. Re1 Na6 9. exd5 cxd5 10. d4 O-O 11.
Ne5 Bxe2 12. Qxe2 Nd7 13. Ndf3 Rac8 14. Bf4 Bd6 15. Bg3 Nab8 16. Rad1 Nc6 17. Nxf7 Bxg3 18. Qxe6 Bxf2+ 19. Kxf2 Rxf7 20. Qxd5 Rf8 21. Kg1 h6 22. Ne5 Ndxe5 23. dxe5 Qb6+ 24. Kh1 Qxb2 25. e6 Re7 26. c4 Rfe8 27. Qf5 Qxa2 28. Rf1 Qxc4 29. Rd7 Rxe6 30. Qf7+ 1-0

[Event "*** Titled Tuesday Blitz"]
[Site "Chess.com"]
[Date "2020.12.01"]
[Round "5"]
[White "mirciulica14"]
[Black "MFBerna"]
[Result "1-0"]
[WhiteElo "2596"]
[BlackElo "2425"]
[TimeControl "180+1"]
[EndTime "10:54:36 PST"]
[Termination "mirciulica14 won by resignation"]

1. d4 d5 2. c4 c6 3. Nf3 Nf6 4. Nc3 e6 5. Bg5 Nbd7 6. e3 Be7 7. Qc2 h6 8. Bh4 O-O 9. Rd1 a6 10. c5 e5 11. dxe5 Ng4 12. Bg3 h5 13. h3 Nh6 14.
b4 b6 15. Nd4 Bb7 16. Be2 bxc5 17. bxc5 h4 18. Bf4 Bxc5 19. Bxh6 gxh6 20. Nf5 Qg5 21. O-O Nxe5 22. f4 Qf6 23. fxe5 Qxe5 24. Nxh6+ Kg7 25. Nf5+ Kh8 26. Rf3 Rg8 27. Bd3 Rg5 28. Qf2 Rh5 29.
Ne2 Rg8 30. Nf4 Rh7 31. Nxh4 Rh6 32. Nf5 Rh7 33. Re1 Bc8 34. Nd4 Bxh3 35. Nxh3 Rxh3 36. Rxh3+ Kg7 37. Qg3+ Qxg3 38. Rxg3+ Kf8 39. Rxg8+ Kxg8 40. Rc1 1-0

[Event "*** Titled Tuesday Blitz"]
[Site "Chess.com"]
[Date "2020.12.01"]
[Round "5"]
[White "malakismayil"]
[Black "GameOverBro"]
[Result "0-1"]
[WhiteElo "2274"]
[BlackElo "2524"]
[TimeControl "180+1"]
[EndTime "10:54:36 PST"]
[Termination "GameOverBro won on time"]

1. e4 d6 2. d4 Nf6 3. Nc3 e5 4. dxe5 dxe5 5. Qxd8+ Kxd8 6. Nf3 Bd6 7. Bg5 Nd7 8. Bd3 a6 9. a3 b5 10. Nd5 h6 11. Bxf6+ Nxf6 12. Nxf6 gxf6 13. c4 b4 14. axb4 Bxb4+ 15. Ke2 Ke7 16. Ra4 a5 17. Ne1 Bd7 18. Ra2 Rhb8 19. Nc2 Bc5 20. Rha1 a4 21. Ne3 Bxe3 22.
Kxe3 Rb3 23. Kd2 Rab8 24. Kc2 Kd6 25. Rd1 Kc5 26. Kc1 Bc6 27. f3 Rd8 28. Kc2 Kb4 29. Be2 Rxd1 30. Kxd1 Kc5 31. Kd2 Kd4 32. Bd1 Rb4 33.
Be2 Bd7 34. Bd3 Be6 35. Kc2 Bxc4 36. Bxc4 Kxc4 37. Ra3 c5 38. Rc3+ Kb5 39. Rd3 Rd4 40.
Rc3 c4 41. Re3 Kb4 42. Rc3 Rd3 0-1

[Event "*** Titled Tuesday Blitz"]
[Site "Chess.com"]
[Date "2020.12.01"]
[Round "5"]
[White "nochewycandy"]
[Black "German_Bazeev"]
[Result "1-0"]
[WhiteElo "2548"]
[BlackElo "2711"]
[TimeControl "180+1"]
[EndTime "10:54:37 PST"]
[Termination "nochewycandy won by resignation"]

1. c4 e5 2. g3 d6 3. Bg2 f5 4. Nc3 Nf6 5. d3 Be7 6. e4 fxe4 7. dxe4 c5 8. Nge2 Nc6 9. O-O O-O 10. Nd5 Nd4 11.
Nxd4 cxd4 12. f4 Be6 13. b3 Bxd5 14. exd5 b5 15. Qd3 bxc4 16. bxc4 Nd7 17. Ba3 Rc8 18. Bh3 Bf6 19. Bxd6 e4 20. Qxe4 Nc5 21. Bxc5 Rxc5 22. Rac1 g6 23. Rfe1 Kg7 24. Qd3 Qa5 25. Re2 Rb8 26. d6 Rd8 27. d7 Qc7 28. Re8 Rxd7 29. Bxd7 Qxd7 30. Re2 Rc7 31. Kg2 h5 32. h3 Qd6 33.
Qf3 Qc5 34. g4 hxg4 35. hxg4 g5 36. fxg5 Qxg5 37. Rd1 Rd7 38. Qf5 d3 39. Qxd7+ 1-0